 Dungeon Crawl Stone Soup version 0.23.2 (webtiles) character file.

Game seed: 275876931639227996

68 Oninnaise the Sneak (level 4, 0/45 HPs)
             Began as an Octopode Assassin on Apr 2, 2019.
             Succumbed to an orc priest's poison
             ... on level 3 of the Dungeon.
             The game lasted 00:05:04 (1959 turns).

Oninnaise the Sneak (Octopode Assassin)             Turns: 1959, Time: 00:05:05

Health: 0/45       AC: 29    Str: 15    XL:     4   Next: 19%
Magic:  4/4        EV:  2    Int: 13    God:
Gold:   141        SH:  0    Dex: 14    Spells: 3/3 levels left

rFire    . . .     SeeInvis .   g - +0 dagger (protect)
rCold    . . .     Gourm    .   (no shield)
rNeg     + + +     Faith    .   (helmet currently unavailable)
rPois    +         Spirit   .   (no amulet)
rElec    .         Reflect  .   e - +5 ring of strength
rCorr    .         Harm     .   (no ring)
MR       .....     NoTele   +   (no ring)
Stlth    +++.......             (no ring)
HPRegen  0.15/turn              (no ring)
MPRegen  0.09/turn              (no ring)
                                (no ring)
                                (no ring)

@: lethally poisoned (0 -> -7), tree-form, protection aura
A: almost no armour, stealthy swim, (amphibious), 8 rings, (constrict 8)
a: no special abilities


You were on level 3 of the Dungeon.
You were not hungry.
You were a tree.
You visited 1 branch of the dungeon, and saw 3 of its levels.

You collected 141 gold pieces.

Inventory:

Hand Weapons
 a - a +2 dagger
 b - a +0 blowgun
 g - a +0 dagger of protection (weapon)
Missiles
 c - 8 poisoned needles
 d - 2 curare-tipped needles
Jewellery
 e - a +5 ring of strength (left branch)
Scrolls
 l - a scroll of teleportation
Potions
 i - 2 potions of haste
 n - a potion of agility
Comestibles
 f - 7 rations


   Skills:
 * Level 2.6 Fighting
 + Level 2.4 Short Blades
 + Level 2.2 Throwing
 + Level 1.5 Dodging
 * Level 6.4 Stealth


You had 3 spell levels left.
You didn't know any spells.
Your spell library was empty.

Dungeon Overview and Level Annotations

Branches:
Dungeon (3/15)

Altars:
Elyvilon
The Shining One


Innate Abilities, Weirdness & Mutations

You cannot wear most types of armour.
You are very stealthy in the water. (Stealth+)
((You are amphibious.))
You can wear up to eight rings at the same time.
((You can use your tentacles to constrict eight enemies at once.))
((Your skin changes colour to match your surroundings (Stealth+).))
((Your rubbery body absorbs attacks. (AC +1, EV +1)))


Message History

You hit the orc priest.
The orc priest is severely wounded.
* * * LOW HITPOINT WARNING * * *
You feel sick. The orc priest barely misses you.
Something hits you but does no damage.
You barely miss the orc priest.
The orc priest is severely wounded.
The orc priest hits you but does no damage.
Something hits you but does no damage.
You barely miss the orc priest.
The orc priest is severely wounded.
The orc priest hits you but does no damage.
You are more poisoned.
You barely miss the orc priest.
The orc priest is severely wounded.
* * * LOW HITPOINT WARNING * * *
You feel sick. Something hits you but does no damage.
You barely miss the orc priest.
The orc priest is severely wounded.
You die...

## ## ..# .# ... .## ..
###.#.# # #.♣..# #.
#o#### #.? #o#
###...########.#######.
............##.........
.......ooo.....)##....
....<..o....#...##.##.
###...#######......#
#.(. ##..#### #


You could see an orc priest and an orc.

Vanquished Creatures
  2 adders
  An ooze (D:1)
  2 worms (D:2)
  A leopard gecko (D:2)
  An orc (D:3)
  2 ball pythons
  2 giant cockroaches
  5 goblins
  2 hobgoblins (D:1)
  6 jackals (D:1)
  4 kobolds
  4 bats
  3 frilled lizards
  2 rats (D:1)
37 creatures vanquished.

Vanquished Creatures (others)
  A quokka (D:2)
1 creature vanquished.

Grand Total: 38 creatures vanquished

Notes
Turn   | Place    | Note
-------+----------+-------------------------------------------
     0 | D:1      | Oninnaise the Octopode Assassin began the quest for the
                  | Orb.
     0 | D:1      | Reached XP level 1. HP: 14/14 MP: 1/1
   161 | D:1      | Reached XP level 2. HP: 19/19 MP: 2/2
   354 | D:1      | Reached skill level 6 in Stealth
   661 | D:1      | Reached XP level 3. HP: 19/24 MP: 3/3
  1093 | D:2      | Found a white marble altar of Elyvilon.
  1634 | D:2      | Found a glowing golden altar of the Shining One.
  1896 | D:3      | Reached XP level 4. HP: 30/30 MP: 4/4
  1955 | D:3      | HP: 2/45 [poisoned by an orc priest]
  1959 | D:3      | Succumbed to an orc priest's poison

Skill      XL: |  1  2 |
---------------+-------+-----
Stealth        | 6 |  6.4
Fighting       | |  2.6
Short Blades   | |  2.4
Throwing       | |  2.2
Dodging        | |  1.5

Action                   |  1- 3 |  4- 6 || total
-------------------------+-------+-------++-------
Melee: Dagger            |    73 |    22 ||    95
       Constrict         |    18 |     2 ||    20
       Tentacles         |    10 |     2 ||    12
  Use: Potion            |     6 |     1 ||     7
       Scroll            |     6 |       ||     6
 Stab: Sleeping          |    10 |       ||    10
  Eat: Ration            |     1 |       ||     1
Armor: Skin              |     5 |    20 ||    25
Dodge: Dodged            |    42 |     3 ||    45
